 Dungeon Crawl Stone Soup version 0.28-a0-863-g8cecda6153 (webtiles) character file.

Game seed: 5557588690821217189

60 Froggeryz the Sneak (level 4, -1/24 HPs)
             Began as a Gargoyle Enchanter on Nov 18, 2021.
             Slain by a kobold (2 damage)
             ... on level 2 of the Dungeon.
             The game lasted 00:02:10 (1610 turns).

Froggeryz the Sneak (Gargoyle Enchanter)            Turns: 1610, Time: 00:02:10

Health: -1/24      AC:  9    Str: 13    XL:     4   Next: 4%
Magic:  7/7        EV: 10    Int: 15    God:
Gold:   51         SH:  0    Dex: 10    Spells: 7/7 levels left

rFire   . . .      SeeInvis .   d - +1 whip (elec)
rCold   . . .      Faith    .   (no shield)
rNeg    + . .      Spirit   .   g - +0 ring mail
rPois   ∞          Reflect  .   (no helmet)
rElec   +          Harm     .   (no cloak)
rCorr   .          Rampage  .   (no gloves)
Will    .....                   (no boots)
Stlth   +.........              (no amulet)
HPRegen 0.08/turn               (no ring)
MPRegen 0.10/turn               (no ring)

@: no status effects
A: sickness immunity, AC +3, negative energy resistance 1, electricity
resistance, torment resistance 1, petrification resistance
a: no special abilities


You were on level 2 of the Dungeon.
You visited 1 branch of the dungeon, and saw 2 of its levels.

You collected 51 gold pieces.

Inventory:

Hand Weapons
 d - a +1 whip of electrocution (weapon)
Armour
 g - a +0 ring mail (worn)
Scrolls
 b - a scroll of teleportation {unknown}
 e - a scroll of vulnerability {unknown}
 f - 2 scrolls of identify
 h - 2 scrolls of noise {unknown}
Potions
 a - a potion of heal wounds {unknown}
 c - a potion of invisibility


   Skills:
 - Level 0.3 Fighting
 - Level 0.8 Short Blades
 * Level 2.7 Maces & Flails
 + Level 2.0 Armour
 - Level 1.5 Dodging
 - Level 3.2 Stealth
 - Level 2.0 Spellcasting
 - Level 2.6 Hexes


You had 7 spell levels left.
You didn't know any spells.
Your spell library contained the following spells:

 Spells                   Type           Power      Damage    Failure   Level
 Ensorcelled Hibernation  Hex/Ice        10%        N/A       38%         2
 Confusing Touch          Hex            9%         N/A       43%         3
 Tukima's Dance           Hex            9%         N/A       43%         3
 Dazzling Flash           Conj/Hex       10%        N/A       63%         3
 Spider Form              Tmut/Pois      1%         N/A       80%         3


Dungeon Overview and Level Annotations

Branches:
Dungeon (2/15)

Altars:

Shops:
D:1 ?


Innate Abilities, Weirdness & Mutations

You are immune to sickness and miasma.
Your stone body is resilient. (AC +3)
You are immune to poison.
You resist negative energy. (rN+)
You are resistant to electric shocks. (rElec)
You are resistant to unholy torment.
You are immune to petrification.


Message History

You hit the ball python.
The ball python is moderately wounded.
The ball python barely misses you. The ball python constricts you.
The kobold barely misses you.
You closely miss the ball python.
The ball python is moderately wounded.
The ball python bites you but does no damage.
The ball python constricts you.
The kobold hits you with a +0 short sword.
* * * LOW HITPOINT WARNING * * *
You are too injured to fight recklessly!
You are too injured to fight recklessly!
You are too injured to fight recklessly!
You are too injured to fight recklessly!
You are too injured to fight recklessly!
You are too injured to fight recklessly!
You hit the ball python.
You kill the ball python!
You hit the kobold.
The kobold is severely wounded.
The kobold hits you with a +0 short sword.
* * * LOW HITPOINT WARNING * * *
You barely miss the kobold.
The kobold is severely wounded.
The kobold hits you but does no damage.
You hit the kobold but do no damage.
The kobold is severely wounded.
The kobold hits you with a +0 short sword.
* * * LOW HITPOINT WARNING * * *
You hit the kobold but do no damage.
The kobold is severely wounded.
The kobold hits you but does no damage.
You barely miss the kobold.
The kobold is severely wounded.
The kobold hits you with a +0 short sword.
* * * LOW HITPOINT WARNING * * *
You completely miss the kobold.
The kobold is severely wounded.
The kobold hits you with a +0 short sword.
You die...

### ... #+
..###
#.####......
#...@†....#
#...†K....#
##.###...##
#.#########
#.........#
#########.#
#.# #.# #.#


You could see a kobold.

Vanquished Creatures
  A gnoll (D:1)
  3 dart slugs (D:1)
  3 bats
  3 endoplasms
  A giant cockroach (D:1)
  3 goblins
  3 hobgoblins
  8 jackals
  5 kobolds (D:1)
  4 ball pythons
  A frilled lizard (D:1)
  3 rats (D:1)
38 creatures vanquished.

Vanquished Creatures (others)
  3 withered plants (D:1)
3 creatures vanquished.

Grand Total: 41 creatures vanquished

Notes
Turn   | Place    | Note
-------+----------+-------------------------------------------
     0 | D:1      | Froggeryz the Gargoyle Enchanter began the quest for the
                  | Orb.
     0 | D:1      | Reached XP level 1. HP: 10/10 MP: 3/3
    78 | D:1      | Reached skill level 1 in Maces & Flails
    78 | D:1      | Reached skill level 1 in Armour
    78 | D:1      | Reached XP level 2. HP: 16/16 MP: 5/5
   509 | D:1      | Reached XP level 3. HP: 8/20 MP: 6/6
   814 | D:1      | Found Bory's Magic Scroll Emporium.
  1096 | D:1      | Found a faded altar of an unknown god.
  1599 | D:2      | Reached XP level 4. HP: 19/24 MP: 7/7
  1609 | D:2      | HP: 1/24 [kobold (2)]
  1610 | D:2      | Slain by a kobold

Illustrated notes

Levels and vault maps discovered:
D:1:      dpeg_arrival_boxes_within_box, layout_rooms, serial_shops, shop,
          ebering_ecumenical_altar_petrified, minmay_heptomino_o4
D:2:      layout_basic, uniq_robin, uniq_sigmund, uniq_crazy_yiuf_cottage

Skill      XL: |  1  2  3 |
---------------+----------+-----
Maces & Flails | 1 2 |  2.7
Armour         | 1 2 |  2.0
Fighting       | |  0.3
Short Blades   | |  0.8
Dodging        | |  1.5
Stealth        | |  3.2
Spellcasting   | |  2.0
Hexes          | |  2.6

Action                   |  1- 3 |  4- 6 || total
-------------------------+-------+-------++-------
Melee: Dagger            |    47 |       ||    47
       Whip              |    66 |    12 ||    78
  Use: Scroll            |     1 |       ||     1
       Potion            |     1 |       ||     1
 Stab: Invisible         |     1 |       ||     1
       Sleeping          |     1 |       ||     1
Armor: Robe              |    19 |       ||    19
       Ring mail         |    27 |     5 ||    32
Dodge: Dodged            |    71 |     3 ||    74

Table legend: (Time is in decaauts)
 A = Elapsed time spent in this place.
 B = Non-inter-level travel time spent in this place.
 C = Inter-level travel time spent in this place.
 D = Time resting spent in this place.
 E = Time spent auto-exploring this place.
 F = Levels seen in this place.
 G = Mean time per level.
                   A        B        C        D        E       F      G
               +--------+--------+--------+--------+--------+-----+--------+
         Total |   1609 |   1570 |     39 |    415 |    859 |   2 |  804.5 |
       Dungeon |   1609 |   1570 |     39 |    415 |    859 |   2 |  804.5 |
               +--------+--------+--------+--------+--------+-----+--------+

Top non-repeatable levels by time:
     D:1: 971 daAuts
     D:2: 637 daAuts
